 Dungeon Crawl Stone Soup version 0.29.1-15-g9cfb28693d (webtiles) character file.

Game seed: 13633376056877799402

21 Descartes the Digger (level 3, 0/25 HPs)
             Began as a Formicid Earth Elementalist on Mar 16, 2023.
             Slain by a gnoll
             ... wielding a +0 club
              (4 damage)
             ... on level 2 of the Dungeon.
             The game lasted 00:03:59 (1569 turns).

Descartes the Digger (Formicid Earth Elementalist)  Turns: 1569, Time: 00:03:59

Health: 0/25       AC:  8    Str: 14    XL:     3   Next: 5%
Magic:  1/6        EV:  6    Int: 14    God:
Gold:   76         SH:  0    Dex: 14    Spells: 5/6 levels left

rFire   . . .      SeeInvis +   e - +0 hand axe
rCold   . . .      Faith    .   (no shield)
rNeg    . . .      Spirit   .   d - +0 chain mail
rPois   .          Reflect  .   (helmet unavailable)
rElec   .          Harm     .   (no cloak)
rCorr   .          Rampage  .   (no gloves)
Will    .....                   (no boots)
Stlth   ..........              (no amulet)
HPRegen 0.08/turn               (no ring)
MPRegen 0.10/turn               (no ring)

@: very slightly contaminated
A: permanent stasis, dig shafts and tunnels, antennae 3, four strong arms
a: Dig, Shaft Self


You were on level 2 of the Dungeon.
You visited 1 branch of the dungeon, and saw 2 of its levels.

You collected 76 gold pieces.

Inventory:

Hand Weapons
 e - a +0 hand axe (weapon)
Missiles
 h - 6 poisoned darts
Armour
 a - a +0 robe
 d - a +0 chain mail (worn)
Scrolls
 c - 2 scrolls of magic mapping {unknown}
 f - a scroll of noise {unknown}
 g - a scroll of identify {unknown}
 i - a scroll of silence {unknown}
 j - a scroll of torment {unknown}
 l - a scroll of blinking {unknown}
Potions
 b - a potion of magic
 k - a potion of might {unknown}
 m - a potion of degeneration {unknown}
 n - a potion of mutation {unknown}


   Skills:
 + Level 0.8 Fighting
 + Level 0.5 Armour
 - Level 1.7 Dodging
 - Level 2.4 Stealth
 + Level 0.7 Shields
 + Level 2.3 Spellcasting
 + Level 0.5 Conjurations
 - Level 1.1 Transmutations
 + Level 3.8 Earth Magic
 + Level 1.0 Evocations


You had 5 spell levels left.
You knew the following spells:

 Your Spells              Type           Power      Damage    Failure   Level
a - Sandblast             Erth           24%        2d8       80%         1

Your spell library contained the following spells:

 Spells                   Type           Power      Damage    Failure   Level
 Passwall                 Tmut/Erth      6%         N/A       98%         2
 Stone Arrow              Conj/Erth      14%        3d7       100%        3
 Petrify                  Tmut/Erth      8%         N/A       100%        4


Dungeon Overview and Level Annotations

Branches:
Dungeon (2/15)

Altars:


Innate Abilities, Weirdness & Mutations

You cannot be hasted, slowed, berserked, paralysed or teleported.
You can dig through walls and to a lower floor.
You have a pair of large antennae on your head. (SInv)
Your four strong arms can wield two-handed weapons with a shield.


Message History

Press: ? - help, Shift-Dir - straight line, f/p - gnoll
Aim: a gnoll, wielding a +0 club (heavily wounded, 84% to hit)
You miscast Sandblast.
Nothing appears to happen.
The gnoll closely misses you.
Casting: Sandblast (safe; 80% risk of failure)
Confirm with . or Enter, or press ? or * to list all spells.
Aiming: Sandblast (safe; 80% risk of failure)
Press: ? - help, Shift-Dir - straight line, f/p - gnoll
Aim: a gnoll, wielding a +0 club (heavily wounded, 84% to hit)
You miscast Sandblast.
Nothing appears to happen.
The gnoll barely misses you.
Casting: Sandblast (safe; 80% risk of failure)
Confirm with . or Enter, or press ? or * to list all spells.
Aiming: Sandblast (safe; 80% risk of failure)
Press: ? - help, Shift-Dir - straight line, f/p - gnoll
Aim: a gnoll, wielding a +0 club (heavily wounded, 84% to hit)
You miscast Sandblast.
Nothing appears to happen.
The gnoll hits you with a +0 club.
Casting: Sandblast (safe; 80% risk of failure)
Confirm with . or Enter, or press ? or * to list all spells.
Aiming: Sandblast (safe; 80% risk of failure)
Press: ? - help, Shift-Dir - straight line, f/p - gnoll
Aim: a gnoll, wielding a +0 club (heavily wounded, 84% to hit)
You miscast Sandblast.
Nothing appears to happen.
The gnoll hits you but does no damage.
Unknown command.
The gnoll attacks as you move away! The gnoll hits you but does no damage.
The gnoll attacks as you move away! The gnoll hits you with a +0 club.
The gnoll attacks as you move away! The gnoll barely misses you.
The gnoll attacks as you move away! The gnoll hits you with a +0 club.
The gnoll attacks as you move away! The gnoll hits you with a +0 club.
The goblin shoots a sling bullet.
The sling bullet hits you but does no damage.
The gnoll attacks as you move away! The gnoll hits you with a +0 club.
* * * LOW HITPOINT WARNING * * *
The gnoll attacks as you move away! The gnoll hits you with a +0 club.
* * * LOW HITPOINT WARNING * * *
You see here a +0 ring mail.
The goblin shoots a sling bullet.
The sling bullet hits you but does no damage.
The gnoll attacks as you move away! The gnoll hits you with a +0 club.
You die...

#....)...#.#.#####.##.# #..
#####.....#.#.#####.##.#####
........<....................
#####.#....#.#.#####.########
#.#...>..........# ##..#
##.#...#####.....####..##
#........#..............##
#........#...........#...#
#........@g......รท.####...
#..................# ##._
#..................####...
#..........##gg......#...#
#..........##...........##
#........#.##..g....#..##
#........#.##..{...###..##
#........#.##...B...#....#
##.........##.............


You could see 3 gnolls and a goblin.

Vanquished Creatures
  A dart slug (D:1)
  2 ball pythons (D:2)
  4 bats
  3 endoplasms (D:1)
  A giant cockroach (D:1)
  2 goblins (D:1)
  A frilled lizard (D:1)
  2 kobolds (D:2)
  A rat (D:1)
17 creatures vanquished.

Notes
Turn   | Place    | Note
-------+----------+-------------------------------------------
     0 | D:1      | Descartes the Formicid Earth Elementalist began the quest
                  | for the Orb.
     0 | D:1      | Reached XP level 1. HP: 13/13 MP: 3/3
     2 | D:1      | Noticed an ogre
     4 | D:1      | Noticed a spriggan
     4 | D:1      | Noticed a gargoyle
     6 | D:1      | Noticed an elf
     8 | D:1      | Noticed a palentonga
     8 | D:1      | Noticed a ghoul
    10 | D:1      | Noticed a draconian
    10 | D:1      | Noticed a meteoran
    12 | D:1      | Noticed an octopode
    12 | D:1      | Noticed a formicid
    14 | D:1      | Noticed a demonspawn
    14 | D:1      | Noticed a naga
    34 | D:1      | Noticed a minotaur
    34 | D:1      | Noticed a human
    36 | D:1      | Noticed a demigod
    36 | D:1      | Noticed a troll
    38 | D:1      | Noticed a merfolk
    40 | D:1      | Noticed a vampire
    40 | D:1      | Noticed a felid
    42 | D:1      | Noticed a tengu
    42 | D:1      | Noticed a vampire
    44 | D:1      | Noticed a spriggan
    44 | D:1      | Noticed an ogre
   237 | D:1      | Reached XP level 2. HP: 19/19 MP: 1/5
   409 | D:1      | HP: 1/20 [frozen (3)]
  1348 | D:2      | Found a faded altar of an unknown god.
  1373 | D:2      | Reached skill level 1 in Evocations
  1373 | D:2      | Reached XP level 3. HP: 23/25 MP: 2/6
  1569 | D:2      | Slain by a gnoll

Illustrated notes

Levels and vault maps discovered:
D:1:      kb_arrival_jail, layout_basic
D:2:      layout_basic, nicolae_ecumenical_snake_handling, uniq_jessica,
          uniq_natasha

Skill      XL: |  1  2 |
---------------+-------+-----
Evocations     | 1 |  1.0
Fighting       | |  0.8
Armour         | |  0.5
Dodging        | |  1.7
Stealth        | |  2.4
Shields        | |  0.7
Spellcasting   | |  2.3
Conjurations   | |  0.5
Transmutations | |  1.1
Earth Magic    | |  3.8

Action                   || total
-------------------------++-------
Melee: Unarmed           ||     4
       Hand axe          ||    39
 Cast: Sandblast         ||     8
 Stab: Sleeping          ||     1
Armor: Chain mail        ||    64
Dodge: Dodged            ||    27
